 Dungeon Crawl Stone Soup version 0.27.1-34-g3ba077fa99 (webtiles) character file.

Game seed: 13000449926549206915

16 Arum the Shield-Bearer (level 2, -10/24 HPs)
             Began as a Formicid Fighter on Jan 3, 2022.
             Mangled by Sigmund (11 damage)
             ... on level 2 of the Dungeon.
             The game lasted 00:02:02 (1099 turns).

Arum the Shield-Bearer (Formicid Fighter)           Turns: 1099, Time: 00:02:03

Health: -10/24     AC:  6    Str: 18 (20) XL:     2   Next: 70%
Magic:  2/2        EV:  7    Int:  5 (7)  God:
Gold:   36         SH: 10    Dex:  7 (10) Spells: 1/1 levels left

rFire    . . .     SeeInvis +   a - +0 quarterstaff
rCold    . . .     Faith    .   c - +1 kite shield
rNeg     . . .     Spirit   .   b - +0 scale mail
rPois    .         Reflect  .   (helmet unavailable)
rElec    .         Harm     .   (no cloak)
rCorr    .         Rampage  .   (no gloves)
Will     .....                  (no boots)
Stlth    ..........             (no amulet)
HPRegen  0.08/turn              (no ring)
MPRegen  0.08/turn              (no ring)

@: mighty
A: permanent stasis, dig shafts and tunnels, antennae 3, four strong arms
a: Dig, Shaft Self


You were on level 2 of the Dungeon.
You visited 1 branch of the dungeon, and saw 2 of its levels.

You collected 36 gold pieces.

Inventory:

Hand Weapons
 a - a +0 quarterstaff (weapon)
Armour
 b - a +0 scale mail (worn)
 c - a +1 kite shield (worn)
Scrolls
 g - a scroll of teleportation {unknown}


   Skills:
 + Level 3.6 Fighting
 + Level 2.3 Staves
 - Level 3.2 Armour
 + Level 4.0 Shields


You had one spell level left.
You didn't know any spells.
Your spell library was empty.

Dungeon Overview and Level Annotations

Branches:
Dungeon (2/15)

Altars:

Annotations:
D:2 Sigmund


Innate Abilities, Weirdness & Mutations

You cannot be hasted, slowed, berserked, paralysed or teleported.
You can dig through walls and to a lower floor.
You have a pair of large antennae on your head. (SInv)
Your four strong arms can wield two-handed weapons with a shield.


Message History

Sigmund shouts!
As you read the scroll of enchant armour, it crumbles to dust.
Your +0 kite shield glows green for a moment.
It was a potion of degeneration.
There was something very wrong with that liquid.
You feel weakened.
You feel dopey.
You feel clumsy.
You feel very mighty all of a sudden.
You start waiting.
Sigmund is nearby!
Sigmund hits you with a +0 scythe.
You closely miss Sigmund. You block Sigmund's attack.
You sock Sigmund!
Sigmund is moderately wounded.
You block Sigmund's attack.
You barely miss Sigmund.
Sigmund is moderately wounded.
Sigmund casts a spell at you. The magic dart hits you.
You closely miss Sigmund.
Sigmund is moderately wounded.
Sigmund hits you with a +0 scythe.
You hit Sigmund.
Sigmund is moderately wounded.
Sigmund gestures wildly while chanting.
Sigmund flickers and vanishes for a moment.
You closely miss Sigmund.
Sigmund is moderately wounded.
Sigmund gestures at you while chanting. The magic dart hits you.
Sigmund hits you with a +0 scythe.
* * * LOW HITPOINT WARNING * * *
You sock Sigmund!
Sigmund is severely wounded.
You hit Sigmund.
Sigmund is severely wounded.
Sigmund hits you with a +0 scythe.
* * * LOW HITPOINT WARNING * * *
You hit Sigmund.
Sigmund is almost dead.
Sigmund hits you with a +0 scythe!
You die...

#######
#.....#
#.#.#####
#<#.....#
#######@#
#......@#
...######


You could see Sigmund (invisible).

Vanquished Creatures
  2 dart slugs (D:1)
  2 endoplasms (D:1)
  2 hobgoblins (D:1)
  A quokka (D:1)
  A frilled lizard (D:1)
  2 kobolds (D:1)
  A rat (D:1)
11 creatures vanquished.

Vanquished Creatures (others)
  A draconian (D:1)
  A gargoyle (D:1)
  A djinni (D:1)
  An elf (D:1)
  3 merfolk (D:1)
  A spriggan (D:1)
  2 nagas (D:1)
  A dwarf (D:1)
  A tengu (D:1)
  An ogre (D:1)
  2 mummies (D:1)
  5 tentacles (D:1)
20 creatures vanquished.

Grand Total: 31 creatures vanquished

Notes
Turn   | Place    | Note
-------+----------+-------------------------------------------
     0 | D:1      | Arum the Formicid Fighter began the quest for the Orb.
     0 | D:1      | Reached XP level 1. HP: 18/18 MP: 1/1
     2 | D:1      | Noticed a gargoyle
     2 | D:1      | Noticed a draconian
     2 | D:1      | Noticed a naga
     2 | D:1      | Noticed a dwarf
     2 | D:1      | Noticed an ogre
     2 | D:1      | Noticed a merfolk
     2 | D:1      | Noticed a kraken
     2 | D:1      | Noticed a tengu
     2 | D:1      | Noticed a merfolk
     2 | D:1      | Noticed a djinni
     2 | D:1      | Noticed a naga
     2 | D:1      | Noticed an elf
     2 | D:1      | Noticed a merfolk
     2 | D:1      | Noticed a spriggan
     6 | D:1      | Killed a gargoyle
     6 | D:1      | Killed a naga
     8 | D:1      | Killed a merfolk
     9 | D:1      | Killed a merfolk
    10 | D:1      | Killed a draconian
    10 | D:1      | Killed a djinni
    11 | D:1      | Killed a naga
    12 | D:1      | Killed a tengu
    13 | D:1      | Killed a merfolk
    15 | D:1      | Killed an ogre
    15 | D:1      | Killed an elf
    16 | D:1      | Killed a dwarf
    17 | D:1      | Killed a spriggan
   444 | D:1      | Reached XP level 2. HP: 24/24 MP: 2/2
   556 | D:1      | Reached skill level 4 in Shields
  1084 | D:2      | Noticed Sigmund
  1098 | D:2      | HP: 1/24 [Sigmund (6)]
  1099 | D:2      | Mangled by Sigmund

Illustrated notes

Levels and vault maps discovered:
D:1:      nicolae_arrival_kraken_aquarium_b, layout_loops_corners,
          item_on_display_a
D:2:      layout_basic, shapermc_ecumenical_altar_acropolis, serial_shops,
          nicolae_shop_trees, uniq_natasha, uniq_sigmund

Skill      XL: |  1  2 |
---------------+-------+-----
Shields        | 4 |  4.0
Fighting       | |  3.6
Staves         | |  2.3
Armour         | |  3.2

Action                   || total
-------------------------++-------
Melee: Quarterstaff      ||    51
 Abil: Dig               ||     1
  Use: Scroll            ||     2
       Potion            ||     2
Armor: Scale mail        ||    19
Dodge: Dodged            ||    10
Block: Kite shield       ||    25
